 Dungeon Crawl Stone Soup version 0.23.1 (webtiles) character file.

Game seed: 14351167020168841200

239 Kairos the Sneak (level 6, -7/31 HPs)
             Began as a Vine Stalker Assassin on Mar 17, 2019.
             Mangled by a mummy (9 damage)
             ... in an ossuary.
             The game lasted 00:05:30 (3823 turns).

Kairos the Sneak (Vine Stalker Assassin)            Turns: 3823, Time: 00:05:31

Health: -7/31      AC: 10    Str: 14    XL:     6   Next: 7%
Magic:  0/7        EV: 11    Int: 11    God:
Gold:   111        SH:  0    Dex: 17    Spells: 5/5 levels left

rFire    . . .     SeeInvis .   a - +2 dagger
rCold    . . .     Gourm    .   (no shield)
rNeg     + . .     Faith    .   w - +0 ring mail
rPois    .         Spirit   +   s - +0 helmet
rElec    .         Reflect  .   d - +0 cloak
rCorr    .         Harm     .   (no gloves)
MR       .....                  n - +2 pair of boots
Stlth    +++.......             (no amulet)
HPRegen  0.50/turn              k - ring of positive energy
MPRegen  0.10/turn              (no ring)

@: no status effects
A: fangs 2, regeneration 1, magic shield, antimagic bite, no potion heal 3, rot
immunity
a: no special abilities


You were in an ossuary.
You were very hungry.

You visited 1 branch of the dungeon, and saw 4 of its levels.
You also visited: Ossuary.

You collected 111 gold pieces.

Inventory:

Hand Weapons
 a - a +2 dagger (weapon)
 b - a +0 blowgun
Missiles
 e - 8 poisoned needles
 f - 2 curare-tipped needles
Armour
 d - a +0 cloak (worn)
 n - a +2 pair of boots (worn)
 s - a +0 helmet (worn)
 w - a +0 ring mail (worn)
Jewellery
 k - a ring of positive energy (left hand)
Scrolls
 i - 3 scrolls of identify {unknown}
 j - a scroll of fear {unknown}
 l - 2 scrolls of enchant weapon {unknown}
 p - a scroll of remove curse {unknown}
 r - 3 scrolls of teleportation {unknown}
 t - 2 scrolls of fog {unknown}
Potions
 h - 3 potions of heal wounds {unknown}
 m - a potion of flight {unknown}
 o - 2 potions of brilliance {unknown}
 q - 3 potions of ambrosia {unknown}
 u - a potion of might {unknown}
 v - 2 potions of degeneration {unknown}
Comestibles
 g - 8 rations


   Skills:
 + Level 2.3 Fighting
 + Level 2.9 Short Blades
 + Level 1.9 Throwing
 + Level 1.1 Armour
 + Level 1.8 Dodging
 + Level 7.1 Stealth


You had 5 spell levels left.
You didn't know any spells.
Your spell library was empty.

Dungeon Overview and Level Annotations

Branches:
Dungeon (4/15)
 Temple: D:4-7

Altars:
Dithmenos
Elyvilon
Fedhas
Hepliaklqana
Okawaru
Xom


Innate Abilities, Weirdness & Mutations

You have extremely sharp teeth.
Your natural rate of healing is unusually fast.
When hurt, damage is shared between your health and your magic reserves.
Your bite disrupts and absorbs the magic of your enemies.
Potions cannot restore your health.
You are immune to rotting.


Message History

You closely miss the mummy.
The mummy is heavily damaged.
The mummy hits you!
Unknown command.
A mummy is nearby!
You are too injured to fight recklessly!
You are too injured to fight recklessly!
You hit the mummy.
The mummy is severely damaged.
You hit the mummy. Your bite misses the mummy.
The mummy is severely damaged.
The mummy hits you!
* * * LOW HITPOINT WARNING * * *
You hit the mummy but do no damage. Your bite misses the mummy.
The mummy is severely damaged.
You hit the mummy. You bite the mummy. You drain its power.
You feel invigorated.
The mummy is almost destroyed.
The mummy hits you!
You die...

##.# #.# ##'##
###...####
#+.'...'..# #+
##..#...##.#
##.###..##++###'#
#...#..## #.##
+.M@'.## #^.#
#...### ##.##
##.## #..# #+
##.## ##+###..#
#...#..##
+...'.## #...###
##.##


You could see a mummy.

Vanquished Creatures
  Crazy Yiuf (D:3)
  3 mummies (Ossuary)
  Robin (D:4)
  8 adders
  2 worms
  A dart slug (D:3)
  3 leopard geckos
  5 orcs (D:3)
  3 giant cockroaches
  12 goblins
  12 hobgoblins
  2 jackals (D:2)
  4 kobolds
  7 bats
  8 frilled lizards
  3 gnoll skeletons (Ossuary)
  A goblin skeleton (Ossuary)
  A goblin zombie (D:4)
  An orc skeleton (Ossuary)
  3 rats
  A rat zombie (D:4)
82 creatures vanquished.

Notes
Turn   | Place    | Note
-------+----------+-------------------------------------------
     0 | D:1      | Kairos the Vine Stalker Assassin began the quest for the
                  | Orb.
     0 | D:1      | Reached XP level 1. HP: 11/11 MP: 2/2
    48 | D:1      | Reached skill level 5 in Stealth
   165 | D:1      | Reached XP level 2. HP: 15/15 MP: 3/3
   669 | D:1      | Reached XP level 3. HP: 18/18 MP: 4/4
   917 | D:2      | Reached skill level 6 in Stealth
  1556 | D:2      | Reached skill level 1 in Dodging
  1556 | D:2      | Gained mutation: Your natural rate of healing is unusually
                  | fast. [Vine Stalker growth]
  1556 | D:2      | Reached XP level 4. HP: 23/23 MP: 5/5
  2097 | D:2      | Found a faded altar of an unknown god.
  2203 | D:3      | Found an iron altar of Okawaru.
  2341 | D:3      | Reached XP level 5. HP: 22/26 MP: 6/6
  2481 | D:3      | Found a runed translucent door.
  2482 | D:3      | Noticed Crazy Yiuf
  2549 | D:3      | Found a shimmering altar of Xom.
  2640 | D:3      | Found a white marble altar of Elyvilon.
  2723 | D:3      | Found a shadowy altar of Dithmenos.
  2723 | D:3      | Found a hazy altar of Hepliaklqana.
  2773 | D:3      | Found a blossoming altar of Fedhas.
  2986 | D:3      | Paralysed by Crazy Yiuf for 3 turns
  2990 | D:3      | Killed Crazy Yiuf
  3260 | D:4      | Noticed Robin
  3279 | D:4      | Killed Robin
  3323 | D:4      | Found a sand-covered staircase.
  3350 | Ossuary  | Entered an ossuary
  3390 | Ossuary  | Reached skill level 1 in Armour
  3390 | Ossuary  | Reached skill level 7 in Stealth
  3600 | Ossuary  | Reached XP level 6. HP: 20/31 MP: 5/7
  3821 | Ossuary  | HP: 1/31 [mummy (13)]
  3823 | Ossuary  | Mangled by a mummy

Skill      XL: |  1  2  3  4  5 |
---------------+----------------+-----
Stealth        | 5 6 7 |  7.1
Fighting       | 2 |  2.3
Short Blades   | 2 |  2.9
Dodging        | 1 |  1.8
Armour         | 1 |  1.1
Throwing       | |  1.9

Action                   |  1- 3 |  4- 6 || total
-------------------------+-------+-------++-------
Melee: Dagger            |    83 |   217 ||   300
       Bite              |    10 |    67 ||    77
 Stab: Sleeping          |    12 |     9 ||    21
       Distracted        |       |     1 ||     1
       Invisible         |       |     1 ||     1
  Eat: Chunk             |     1 |     7 ||     8
Armor: Robe              |    30 |       ||    30
       Scale mail        |       |    37 ||    37
       Ring mail         |       |    41 ||    41
Dodge: Dodged            |    35 |    77 ||   112
